 Dungeon Crawl Stone Soup version 0.23-a0-636-g0ff605794f (webtiles) character file.

102828 GordonOverkill the Severer (level 15, -14/128 HPs)
             Began as a Demigod Wanderer on Dec 28, 2018.
             Demolished by an ettin
             ... wielding a +0 dire flail
              (30 damage)
             ... on level 13 of the Dungeon.
             The game lasted 01:05:22 (32398 turns).

GordonOverkill the Severer (Demigod Wanderer)      Turns: 32398, Time: 01:05:23

Health: -14/128    AC: 25    Str: 31    XL:     15   Next: 40%
Magic:  25/25      EV: 13    Int: 15    God:
Gold:   2005       SH:  9    Dex: 26    Spells: 16/16 levels left

rFire    + . .     SeeInvis +   a - +0 broad axe
rCold    . . .     Gourm    .   S - +2 buckler
rNeg     + + .     Faith    .   K - +1 plate armour of Infinity {*Contam *Drain Dex+9 SInv}
rPois    +         Spirit   .   U - +1 helmet
rElec    .         Reflect  .   Q - +2 cloak
rCorr    .         Harm     .   w - +2 pair of gloves
MR       +....                  y - +2 pair of boots
Stlth    ..........             q - amulet of Ezapn {+Rage rF+ rN+}
HPRegen  0.31/turn              J - ring "Fista" {Wiz rPois rN+ MR- Str+7}
MPRegen  0.19/turn              v - ring of protection from magic

@: berserk cooldown, slowed, very slow
A: high mp 1
a: Evoke Berserk Rage


You were on level 13 of the Dungeon.
You were hungry.

You visited 2 branches of the dungeon, and saw 20 of its levels.
You also visited: Ossuary and Ice Cave.

You collected 2115 gold pieces.
You spent 110 gold pieces at shops.

Inventory:

Hand Weapons
 a - a +0 broad axe (weapon)
 b - a +2 hunting sling of freezing
 D - a +4 flail of crushing
Missiles
 d - 471 stones (quivered)
 e - 121 sling bullets
 N - 4 throwing nets
Armour
 w - a +2 pair of gloves (worn)
 y - a +2 pair of boots (worn)
 K - the +1 plate armour of Infinity (worn) {*Contam *Drain Dex+9 SInv}
   (You found it on level 6 of the Dungeon)

   It affects your dexterity (+9).
   It lets you see invisible.
   It causes magical contamination when unequipped.
   It causes draining when unequipped.
 Q - a +2 cloak (worn)
 R - a +0 large shield
 S - a +2 buckler (worn)
 U - a +1 helmet (worn)
Jewellery
 n - an uncursed ring of protection from fire
 q - the amulet of Ezapn (around neck) {+Rage rF+ rN+}
   (You found it on level 2 of the Lair of Beasts)

   [amulet of rage]

   It protects you from fire.
   It protects you from negative energy.
   It lets you go berserk.
 r - an uncursed ring of poison resistance
 v - a ring of protection from magic (right hand)
 F - an uncursed ring of protection from fire
 I - an uncursed ring of positive energy
 J - the ring "Fista" (left hand) {Wiz rPois rN+ MR- Str+7}
   (You bought it in a shop on level 11 of the Dungeon)

   [ring of wizardry]

   It improves your spell success rate.
   It affects your strength (+7).
   It protects you from poison.
   It protects you from negative energy.
   It affects your resistance to hostile enchantments.
 V - an uncursed amulet of regeneration
 Y - a cursed +3 amulet of reflection {unknown}
Wands
 k - a wand of flame (61)
 B - a wand of polymorph (7)
 P - a wand of acid (17)
 T - a wand of scattershot (10)
Scrolls
 c - a scroll of fear
 i - 9 scrolls of remove curse
 l - 3 scrolls of amnesia
 o - 3 scrolls of immolation
 C - 4 scrolls of fog
 E - 11 scrolls of teleportation
 W - a scroll of blinking
Potions
 g - 3 potions of haste
 h - 4 potions of brilliance
 j - 2 potions of curing
 m - a potion of invisibility
 p - 2 potions of cancellation
 s - 6 potions of agility
 t - 4 potions of flight
 u - 4 potions of mutation
 x - 4 potions of heal wounds
 z - 2 potions of magic
 A - 2 potions of lignification
 G - 3 potions of resistance
 H - 4 potions of might
 M - a potion of ambrosia
Comestibles
 f - 36 rations


   Skills:
 + Level 10.5 Fighting
 - Level 18.0 Axes
   Level 1.7 Crossbows
 - Level 6.0 Armour
 - Level 6.0 Dodging
 + Level 5.4 Shields
 - Level 1.0 Spellcasting
   Level 1.7 Fire Magic
 - Level 8.0 Evocations


You had 16 spell levels left.
You didn't know any spells.
Your spell library contained the following spells:

 Spells                   Type           Power        Failure   Level  Hunger
 Beastly Appendage        Tmut           #.....       58%         1    ##.....
 Corona                   Hex            #......      58%         1    ##.....
 Sandblast                Erth           #.....       58%         1    ##.....
 Summon Butterflies       Summ           #.......     58%         1    ##.....
 Ensorcelled Hibernation  Hex/Ice        #.....       73%         2    ###....
 Passwall                 Tmut/Erth      #.......     73%         2    ###....
 Poisonous Vapours        Pois/Air       #.....       73%         2    ###....
 Sticks to Snakes         Tmut           #.......     73%         2    ###....
 Swiftness                Chrm/Air       #.......     73%         2    ###....
 Call Canine Familiar     Summ           #.......     91%         3    ####...
 Confuse                  Hex            #.......     91%         3    ####...
 Dazzling Spray           Conj/Hex       #.....       91%         3    ####...
 Spider Form              Tmut/Pois      #.........   91%         3    ####...
 Stone Arrow              Conj/Erth      #.....       91%         3    ####...
 Tukima's Dance           Hex            #.......     91%         3    ####...
 Ice Form                 Ice/Tmut       #.......     100%        4    #####..
 Petrify                  Tmut/Erth      #.......     100%        4    #####..
 Summon Ice Beast         Ice/Summ       #.......     100%        4    #####..
 Blade Hands              Tmut           #.........   100%        5    ######.
 Lee's Rapid Deconstruct  Erth           #.........   100%        5    ######.
 Summon Mana Viper        Hex/Summ       #.......     100%        5    ######.
 Summon Hydra             Summ           #.........   100%        7    #######


Dungeon Overview and Level Annotations

Branches:
Dungeon (14/15)            Temple (0/1) D:4            Lair (6/6) D:10
  Swamp (0/4) Lair:4        Snake (0/4) Lair:4        Slime (0/5) Lair:6
    Orc (0/2) D:9
 Vaults: D:13-14

Shops:
D:11 *

Annotations:
D:7 2 transporters, Menkaure


Innate Abilities, Weirdness & Mutations

You have an increased reservoir of magic. (+10% MP)


Message History

The ettin hits you with a +0 dire flail!
The ettin closely misses you.
You climb upwards.
You feel a strong urge to attack something.
There is a stone staircase leading down, spattered with blood here.
You slash the ettin!
The ettin is severely wounded.
You slash the ettin!
The ettin is almost dead.
You are no longer berserk.
You are exhausted.
You feel yourself slow down.
The ettin hits you with a +0 dire flail!
The ettin hits you but does no damage.
You hit the ettin but do no damage.
The ettin is almost dead.
The ettin hits you with a +0 dire flail!!
* * * LOW HITPOINT WARNING * * *
The ettin hits you with a +0 dire flail!!
You die...

#.# ### ###.## ##.## #....# #...#
###...## ###...# #......#
##.##.####### ##......###
#............ ##.........##
#............
######...........#####..#...#.#.#
...##...:......)@##....###.......
....#...........C#......#...#.#.#
...#.............................
#..#........................#.#.#
#....................##)...).....
...............#............#.#.#
.................................
#................................
.......#.#.......................


You could see an ettin.

Vanquished Creatures
  2 frost giants (D:14)
  2 entropy weavers (Lair:6)
  Nessos (D:13)
  8 hydras
  2 ice dragons (IceCv)
  Erolcha (D:13)
  3 two-headed ogres
  A shambling mangrove (Lair:3)
  A catoblepas (D:14)
  A queen ant (Lair:6)
  A tengu warrior (D:14)
  4 death yaks
  Nergalle (Lair:1)
  An unseen horror (D:13)
  A lindwurm (Lair:3)
  Pikel (D:7)
  2 cyclopes
  6 ugly things
  A deep elf mage (D:12)
  8 elephants
  A black mamba (Lair:3)
  2 ice statues (IceCv)
  A gargoyle (D:13)
  6 spiny frogs
  5 centaur skeletons
  6 rime drakes
  An efreet (D:13)
  7 komodo dragons
  A merfolk (D:11)
  3 trolls (D:13)
  3 hornets
  12 polar bears
  A hornet (shapeshifter) (D:13)
  Grinder (D:5)
  5 blink frogs
  2 raiju (Lair:6)
  A dream sheep (Lair:6)
  A bog body (Lair:4)
  9 hippogriffs
  A centaur simulacrum (D:14)
  2 shadows (D:13)
  A vampire (D:14)
  33 yaks
  2 wraiths (D:9)
  A human (shapeshifter) (D:14)
  A wyvern (D:13)
  A basilisk (D:12)
  A wandering mushroom (Lair:3)
  2 steam dragons
  2 hungry ghosts
  A vampire mosquito (D:14)
  5 wargs
  2 acid dragons
  11 water moccasins
  17 soldier ants
  Duvessa (D:5)
  15 hell hounds (Lair:6)
  10 porcupines
  24 ice beasts
  A slave (D:7)
  5 sky beasts
  A necrophage (D:9)
  2 orc warriors
  13 black bears
  7 ogres
  29 wolves
  3 phantoms
  3 centaurs
  17 crocodiles
  A big kobold (shapeshifter) (D:13)
  A wyvern zombie (D:13)
  18 bullfrogs
  2 scorpions (D:6)
  A wyvern skeleton (D:10)
  Dowan (D:5)
  6 killer bees
  13 wights
  3 howler monkeys
  6 crimson imps
  2 bullfrog zombies
  13 centaur zombies
  9 hounds
  A jelly (D:10)
  12 orc priests
  4 human zombies (Ossuary)
  2 bullfrog skeletons
  13 orc wizards
  3 iguanas
  27 worker ants
  A killer bee zombie (D:8)
  A hound skeleton (D:6)
  3 mummies (Ossuary)
  A worker ant zombie (D:11)
  12 adders
  3 gnolls (D:8)
  5 shadow imps
  2 oozes
  2 adder zombies
  An adder skeleton (D:8)
  2 worms
  2 dart slugs
  3 leopard geckos
  53 orcs
  2 ball pythons
  2 giant cockroaches
  5 goblins
  7 hobgoblins
  11 jackals
  5 quokkas
  10 bats
  8 frilled lizards
  6 kobolds
  A quokka zombie (D:6)
  2 rats (D:2)
  4 fungi (D:10)
  6 plants
628 creatures vanquished.

Vanquished Creatures (others)
  A vampire mosquito (D:14)
  A slave (D:7)
  17 fungi
  19 plants
38 creatures vanquished.

Grand Total: 666 creatures vanquished

Notes
Turn   | Place    | Note
-------+----------+-------------------------------------------
     0 | D:1      | GordonOverkill the Demigod Wanderer began the quest for the
                  | Orb.
     0 | D:1      | GordonOverkill set off with the following items: a +2 scale
                  | mail, a +0 buckler, a +0 dagger, a ration; and the
                  | following spells available to memorise: Poisonous Vapours,
                  | Swiftness
     0 | D:1      | Reached XP level 1. HP: 17/17 MP: 4/4
   371 | D:1      | Reached XP level 2. HP: 6/24 MP: 5/5
   817 | D:1      | Found a shattered altar of Ashenzari.
  1389 | D:2      | Found a stormy altar of Qazlal.
  1436 | D:2      | Reached XP level 3. HP: 30/30 MP: 6/6
  2695 | D:4      | Found a staircase to the Ecumenical Temple.
  2723 | D:4      | Reached XP level 4. HP: 32/37 MP: 8/8
  2886 | D:4      | Found a transporter.
  2905 | D:4      | Found a transporter.
  3468 | D:4      | Noticed a phantom
  3482 | D:4      | Killed a phantom
  3482 | D:4      | Reached XP level 5. HP: 40/45 MP: 9/9
  4287 | D:4      | Reached XP level 6. HP: 33/52 MP: 10/10
  4522 | D:5      | Entered Level 5 of the Dungeon
  4534 | D:5      | Found a glowing silver altar of Zin.
  4534 | D:5      | Found an opulent altar of Gozag.
  4705 | D:5      | Reached skill level 1 in Axes
  5128 | D:5      | Noticed Dowan
  5157 | D:5      | Killed Dowan
  5277 | D:5      | Noticed Duvessa
  5304 | D:5      | Killed Duvessa
  5304 | D:5      | Reached skill level 2 in Axes
  5304 | D:5      | Reached XP level 7. HP: 20/59 MP: 11/11
  5528 | D:5      | Noticed Grinder
  5539 | D:5      | Paralysed by Grinder for 2 turns
  5542 | D:5      | Killed Grinder
  5542 | D:5      | Reached skill level 3 in Axes
  6081 | D:6      | Reached skill level 5 in Armour
  6211 | D:6      | Reached skill level 4 in Axes
  6319 | D:6      | Found a sand-covered staircase.
  6332 | Ossuary  | Entered an ossuary
  6516 | Ossuary  | Reached skill level 5 in Axes
  6516 | Ossuary  | Reached XP level 8. HP: 66/66 MP: 12/12
  6640 | Ossuary  | Reached skill level 6 in Axes
  7291 | D:6      | Reached skill level 7 in Axes
  7692 | D:6      | Got a scorched plate armour
  7703 | D:6      | Identified the +1 plate armour of Infinity {*Contam *Drain
                  | Dex+9 SInv} (You found it on level 6 of the Dungeon)
  8016 | D:6      | Found an iron altar of Okawaru.
  8771 | D:6      | Reached skill level 8 in Axes
  8946 | D:7      | Noticed a hippogriff
  8980 | D:7      | Killed a hippogriff
  8980 | D:7      | Reached XP level 9. HP: 36/71 MP: 13/13
  9172 | D:7      | Reached skill level 9 in Axes
  9542 | D:7      | Found a transporter.
  9544 | D:7      | Found an ancient bone altar of Kikubaaqudgha.
  9546 | D:7      | Noticed Menkaure
  9726 | D:7      | Found a basalt altar of Yredelemnul.
  9819 | D:7      | Noticed Pikel
  9841 | D:7      | Killed Pikel
  9841 | D:7      | Reached skill level 10 in Axes
 10098 | D:7      | Found a hide-covered altar of Uskayaw.
 10099 | D:7      | Found a deep blue altar of Sif Muna.
 10590 | D:7      | Found a transporter.
 11041 | D:8      | Reached skill level 11 in Axes
 11855 | D:8      | Reached XP level 10. HP: 78/78 MP: 14/14
 12759 | D:9      | Found a staircase to the Orcish Mines.
 12764 | D:9      | Found a roughly hewn altar of Beogh.
 12958 | D:9      | Found a bloodstained altar of Trog.
 13006 | D:9      | Reached skill level 12 in Axes
 13184 | D:9      | Found a bloodstained altar of Trog.
 13187 | D:9      | Found a white marble altar of Elyvilon.
 13220 | D:9      | Found a sacrificial altar of Ru.
 13220 | D:9      | Found a shadowy altar of Dithmenos.
 13220 | D:9      | Found a burning altar of Makhleb.
 13229 | D:9      | Found a shattered altar of Ashenzari.
 13235 | D:9      | Found a glowing golden altar of the Shining One.
 13236 | D:9      | Found an ornate altar of the Wu Jian Council.
 13237 | D:9      | Found a shimmering altar of Xom.
 13380 | D:9      | Found the +5 scythe "Finisher" {speed, eviscerate}
 14038 | D:10     | Entered Level 10 of the Dungeon
 14425 | D:10     | Reached skill level 13 in Axes
 14579 | D:10     | Found a staircase to the Lair.
 15086 | D:11     | Noticed a cyan ugly thing
 15086 | D:11     | Noticed a white ugly thing
 15118 | D:11     | Killed a cyan ugly thing
 15296 | Lair:1   | Entered Level 1 of the Lair of Beasts
 15299 | Lair:1   | Noticed Nergalle
 15319 | Lair:1   | Noticed a spectral orc warlord
 15322 | Lair:1   | Killed Nergalle
 15322 | Lair:1   | Reached skill level 1 in Evocations
 15423 | Lair:1   | Reached XP level 11. HP: 85/85 MP: 15/15
 15581 | Lair:1   | Found a frozen archway.
 15676 | IceCv    | Entered an ice cave
 15700 | IceCv    | Reached skill level 5 in Fighting
 17583 | IceCv    | Noticed an ice dragon
 17583 | IceCv    | Noticed an ice dragon
 17597 | IceCv    | Killed an ice dragon
 17597 | IceCv    | Reached skill level 14 in Axes
 17610 | IceCv    | Killed an ice dragon
 19337 | Lair:2   | Noticed an eight-headed hydra
 19347 | Lair:2   | Killed an eight-headed hydra
 19558 | Lair:2   | Got a pitted bone amulet
 19969 | Lair:3   | Noticed an eight-headed hydra
 20299 | Lair:3   | Noticed an eight-headed hydra
 20308 | Lair:3   | Killed an eight-headed hydra
 20308 | Lair:3   | Reached XP level 12. HP: 84/101 MP: 17/17
 20423 | Lair:3   | Killed an eight-headed hydra
 20791 | Lair:3   | Reached skill level 15 in Axes
 21051 | Lair:3   | Identified the amulet of Ezapn {+Rage rF+ rN+} (You found
                  | it on level 2 of the Lair of Beasts)
 21749 | Lair:3   | Noticed a shambling mangrove
 21749 | Lair:3   | an oklob plant changed into a shambling mangrove
 21783 | Lair:3   | Killed a shambling mangrove
 22501 | Lair:3   | Reached skill level 5 in Evocations
 23621 | Lair:4   | Noticed an eight-headed hydra
 23633 | Lair:4   | Killed an eight-headed hydra
 23801 | Lair:4   | Found a staircase to the Swamp.
 23931 | Lair:4   | Found a staircase to the Snake Pit.
 24958 | Lair:5   | Reached XP level 13. HP: 110/110 MP: 21/21
 24964 | Lair:5   | Reached skill level 16 in Axes
 25480 | Lair:6   | Entered Level 6 of the Lair of Beasts
 25513 | Lair:6   | Found a staircase to the Slime Pits.
 25861 | Lair:6   | Noticed an entropy weaver
 25896 | Lair:6   | Noticed an entropy weaver
 25911 | Lair:6   | Killed an entropy weaver
 26192 | Lair:5   | Reached skill level 17 in Axes
 26694 | Lair:6   | Killed an entropy weaver
 29251 | D:11     | Reached skill level 5 in Dodging
 29251 | D:11     | Reached XP level 14. HP: 114/118 MP: 22/22
 29267 | D:11     | Found Xeefaytt's Assorted Antiques.
 29271 | D:11     | Bought a clouded ivory ring for 110 gold pieces
 29272 | D:11     | Identified the ring "Fista" {Wiz rPois rN+ MR- Str+7} (You
                  | bought it in a shop on level 11 of the Dungeon)
 30386 | D:12     | Reached XP level 15. HP: 114/125 MP: 24/24
 31166 | D:13     | Noticed Nessos
 31170 | D:13     | Killed Nessos
 31280 | D:13     | Noticed Erolcha
 31294 | D:13     | Killed Erolcha
 31294 | D:13     | Reached skill level 10 in Fighting
 31750 | D:14     | Reached skill level 18 in Axes
 31955 | D:14     | Reached skill level 5 in Shields
 32398 | D:13     | Demolished by an ettin

Vault maps used:
D:1:      sevenhm_arrival_forest_fort_small_4, chequers_avenue,
          evilmike_ruin_ashenzari
D:2:      nicolae_qazlal_eye_of_the_storm
D:3:      first_ration
D:4:      gammafunk_wand_slinger, minmay_temple_entry_tees
D:5:      grunt_temple_overflow_gold_and_silver, uniq_duvessa, uniq_grinder
D:6:      lightli_ossuary_entry_decrepit_ruins, okawaru_metal_pillars_1_2
D:7:      gammafunk_temple_of_torment, grunt_temple_overflow_open, uniq_pikel
D:9:      minitemple, minmay_orc_entry_temple_small, basic_altar,
          minmay_guarded_unrand_finisher
D:10:     due_lair_maze_entry_diamond
D:11:     serial_shops, shop, hangedman_fish_farm
D:13:     serial_co_window_serial, co_window_corner_a, co_window_corner_a,
          co_window_paths_a, co_window_paths_a, co_window_paths_a,
          co_window_corner_cb, co_window_unsneaky_path_e, co_window_corner_b,
          glass_columns_b, glass_columns_c, glass_columns_a, glass_columns_c,
          glass_columns_a, uniq_nessos, uniq_erolcha
D:14:     minmay_complete_graph, spider_trap
Lair:1:   beast_lair_carwin_large_1, portal_ice_cave_entry_ice_beasts,
          uniq_nergalle
Lair:3:   st_stairs_13, serial_bayou_lagoon_a, minmay_shattered_shrine,
          minmay_lair_oklob_chamber
Lair:4:   skrybe_swamp_entry_bodies, dummy_snake_entry, grunt_megastairs_1
Lair:5:   infiniplex_staircase_pool_2, lemuel_fruit_tree
Lair:6:   hangedman_lair_caniforms_friends, slime_dummy, zaba_antful_of_joy
Ossuary:  ossuary_minmay_four_chambers
IceCv:    ice_cave_small_dragons

Skill      XL: |  1  2  3  4  5  6  7  8  9 10 11 12 13 14 15 |
---------------+----------------------------------------------+-----
Fighting       | 2 3 4 7 8 9 10 | 10.5
Shields        | 2 3 4 5 |  5.4
Armour         | 2 3 4 5 6 |  6.0
Axes           | 2 5 8 11 13 14 15 17 18 | 18.0
Evocations     | 1 3 6 8 |  8.0
Dodging        | 5 6 |  6.0
Crossbows      | |  1.7
Spellcasting   | |  1.0
Fire Magic     | |  1.7

Action                   |  1- 3 |  4- 6 |  7- 9 | 10-12 | 13-15 || total
-------------------------+-------+-------+-------+-------+-------++-------
Melee: Dagger            |   151 |       |       |       |       ||   151
       Hunting sling     |       |     1 |       |       |       ||     1
       War axe           |       |    21 |   272 |       |       ||   293
       Hand axe          |       |       |   236 |  1000 |   731 ||  1967
       Broad axe         |       |       |       |   144 |   229 ||   373
       Flail             |       |       |       |    16 |    23 ||    39
 Fire: Hunting sling     |   137 |   176 |   208 |   173 |    29 ||   723
Throw: Stone             |       |       |       |     1 |       ||     1
 Abil: Evoke Berserk Rag |       |       |       |     8 |    15 ||    23
Evoke: Wand              |       |    21 |     1 |    18 |     2 ||    42
  Use: Scroll            |       |       |    16 |    13 |     8 ||    37
       Potion            |       |       |       |     4 |     1 ||     5
  Eat: Chunk             |     5 |     4 |    12 |    31 |    16 ||    68
       Ration            |       |     2 |     2 |     5 |     7 ||    16
Armor: Scale mail        |   107 |    36 |   124 |       |       ||   267
       Skin              |       |    11 |       |       |       ||    11
       Plate armour      |       |       |   152 |   582 |   526 ||  1260
Dodge: Dodged            |   111 |    45 |   209 |   233 |   247 ||   845
Block: Buckler           |    52 |    25 |   152 |   233 |   340 ||   802

Table legend:
 A = Non-vault XP
 B = Vault XP
 C = Vault XP percentage of total XP
 D = Non-vault monster count
 E = Vault monster count
 F = Vault count percentage of total count
                 A         B        C        D         E       F
            +---------+---------+-------+---------+---------+-------
      Total |   56840 |   45929 |  44.7 |     411 |     206 |  33.4
            +---------+---------+-------+---------+---------+-------
        D:1 |      39 |       0 |   0.0 |      19 |       0 |   0.0
        D:2 |      43 |       0 |   0.0 |      23 |       0 |   0.0
        D:3 |      32 |       0 |   0.0 |       9 |       0 |   0.0
        D:4 |     239 |     106 |  30.7 |      12 |       4 |  25.0
        D:5 |     371 |     486 |  56.7 |      16 |       3 |  15.8
        D:6 |     900 |       0 |   0.0 |      34 |       0 |   0.0
        D:7 |    2248 |     641 |  22.2 |      36 |       1 |   2.7
        D:8 |    1337 |       0 |   0.0 |      37 |       0 |   0.0
        D:9 |     808 |     624 |  43.6 |      17 |      12 |  41.4
       D:10 |    1575 |    1059 |  40.2 |      14 |      11 |  44.0
       D:11 |    5213 |     309 |   5.6 |      23 |       1 |   4.2
       D:12 |    1437 |       0 |   0.0 |       9 |       0 |   0.0
       D:13 |    8270 |    3203 |  27.9 |      39 |       3 |   7.1
       D:14 |    4906 |    7971 |  61.9 |      15 |      12 |  44.4
     Lair:1 |    2142 |    2693 |  55.7 |      15 |      17 |  53.1
     Lair:2 |    2741 |     279 |   9.2 |      10 |       1 |   9.1
     Lair:3 |    7890 |    4998 |  38.8 |      30 |      12 |  28.6
     Lair:4 |    3106 |     803 |  20.5 |      11 |       3 |  21.4
     Lair:5 |   10780 |     296 |   2.7 |      31 |       2 |   6.1
     Lair:6 |    2763 |   16430 |  85.6 |      11 |      89 |  89.0
    Ossuary |       0 |     588 | 100.0 |       0 |      15 | 100.0
      IceCv |       0 |    5443 | 100.0 |       0 |      20 | 100.0
            +---------+---------+-------+---------+---------+-------
